 Dungeon Sprint DCSS version 0.24.1 (webtiles) character file.

Game seed: 8271197409952305714, levelgen mode: deterministic

12326 Groucho the Imperceptible (level 11, -2/62 HPs)
             Began as a Felid Berserker on Mar 28, 2020.
             Was the Champion of Trog.
             Shot with an arrow by a deep elf master archer (23 damage)
             ... in the Dungeon (Sprint I: "Red Sonja").
             The game lasted 00:25:30 (7250 turns).

Groucho the Imperceptible (Felid Berserker)         Turns: 7250, Time: 00:25:31

Health: -2/62      AC:  3    Str: 15    XL:     11   Next: 61%
Magic:  0/19       EV: 37    Int:  9    God:    Trog [******]
Gold:   822        SH:  0    Dex: 22    Spells: 10/10 levels left
                                        Lives:  0   Deaths: 2

rFire    + . .     SeeInvis +     - Unarmed
rCold    + . .     Gourm    .   (shield unavailable)
rNeg     . . .     Faith    .   (armour unavailable)
rPois    .         Spirit   +   (helmet unavailable)
rElec    .         Reflect  .   (cloak unavailable)
rCorr    .         Harm     .   (gloves unavailable)
MR       +++..     NoTele   +   (boots unavailable)
Stlth    ++++++++++             i - amulet of guardian spirit
HPRegen  1.20/turn              j - ring of protection from fire
MPRegen  0.16/turn              k - ring "Dyciruss" {+Fly Dex+2 Stlth+}

@: regenerating, quick
A: very small, no armour, no weapons or thrown items, stealth, claws 1, fangs 3,
see invisible, carnivore, speed 1, screaming 1, shaggy fur 3, slow metabolism 1,
strong 1, sharp paws
a: Berserk, Trog's Hand, Brothers in Arms, Renounce Religion, Evoke Flight


You were in the Dungeon.
You worshipped Trog.
Trog was exalted by your worship.
You were not hungry.

You visited 1 branch You collected 3865 gold pieces.
You spent 3043 gold pieces at shops.

Inventory:

Jewellery
 a - an uncursed ring of magical power
 b - a +5 ring of dexterity {unknown}
 g - an uncursed ring of magical power
 i - an amulet of guardian spirit (around neck)
 j - a ring of protection from fire (left paw)
 k - the ring "Dyciruss" (right paw) {+Fly Dex+2 Stlth+}
   (You bought it in a shop in the Dungeon)

   [ring of dexterity]

   It affects your dexterity (+2).
   It lets you fly.
   It makes you more stealthy.
 u - the ring "Mufetef" {+Fly rPois rN+ Str-4 Int+7}
   (You bought it in a shop in the Dungeon)

   [ring of poison resistance]

   It affects your strength (-4).
   It affects your intelligence (+7).
   It protects you from poison.
   It protects you from negative energy.
   It lets you fly.
Wands
 h - a wand of flame (3)
Scrolls
 r - a scroll of identify
Potions
 d - a potion of haste
 e - 2 potions of magic
 f - a potion of berserk rage
 m - a potion of agility {unknown}
 n - a potion of experience {unknown}
 s - a potion of degeneration {unknown}
 v - a potion of heal wounds
 x - a potion of might {unknown}


   Skills:
 + Level 16.0 Fighting
 + Level 19.9 Dodging
 - Level 25.1 Stealth
 + Level 16.0 Unarmed Combat
 + Level 10.5 Evocations


You had 10 spell levels left.
You didn't know any spells.
Your spell library contained the following spells:

 Spells                   Type           Power        Failure   Level  Hunger
 Animate Skeleton         Necr           N/A          38%         1    ##.....
 Apportation              Tloc           #.....       38%         1    ##.....
 Confusing Touch          Hex            #.....       38%         1    ##.....
 Summon Small Mammal      Summ           #...         38%         1    ##.....
 Passwall                 Tmut/Erth      #.......     52%         2    ###....
 Throw Frost              Conj/Ice       #.....       52%         2    ###....
 Lee's Rapid Deconstruct  Erth           #.........   100%        5    ######.
 Lightning Bolt           Conj/Air       #.........   100%        5    ######.
 Bolt of Cold             Conj/Ice       #.........   100%        6    #######


Dungeon Overview and Level Annotations

Branches:
Dungeon (1/1)

Altars:
Cheibriados
Dithmenos
Elyvilon
Fedhas
Gozag
Hepliaklqana
Kikubaaqudgha
Makhleb
Nemelex Xobeh
Okawaru
Qazlal
Ru
Sif Muna
Trog
Uskayaw
Vehumet
Wu Jian
Xom
Yredelemnul
Zin
The Shining One
Jiyva
Lugonu

Shops:
D ([(*?[%!(==!:=:[}==[?*


Innate Abilities, Weirdness & Mutations

You cannot wear armour.
You are incapable of wielding weapons or throwing items.
Your paws allow you to move quietly. (Stealth)
You have sharp claws.
You have razor-sharp teeth.
You have supernaturally acute eyesight. (SInv)
You are carnivorous and can eat meat at any time.
You cover ground quickly.
Your thick and shaggy fur keeps you warm. (AC +3, rC+)
You have a slow metabolism.
Your sharp claws are effective at attacking unaware monsters.
You occasionally shout uncontrollably at your foes.
Your muscles are strong. (Str +2)


Message History

The arrow hits you.
You see here an arrow.
Your skin crawls.
You feel resistant to hostile enchantments.
You feel somewhat more hungry.
You hear a shout!
The deep elf master archer shoots an arrow.
The arrow hits you!!
Your troll goes berserk!
You feel quite a bit more hungry.
The deep elf master archer shoots an arrow.
The arrow hits you!!
The deep elf master archer shoots an arrow.
The arrow closely misses you.
Unknown command.
Unknown command.
You swap places.
The deep elf master archer shoots an arrow.
The arrow hits you!!
You die...

[#####...####,#≈≈≈≈##......##°○,*
...)...###,,,,#≈≈≈≈≈########°.$,*
...#####,,,,####≈≈≈≈#≈≈≈(≈#....,*
).##,,,,,,,,#..#'≈≈≈'≈≈÷≈≈'○○°.,*
.##,,,,,,,,,#...##≈≈#≈≈≈≈≈#≈≈☼○,*
.#,,,,,,,,,,#....######(#####≈≈≈*
##****,,,,,,#....#≈≈≈≈≈≈≈≈≈≈##≈≈*
≈≈≈≈,*,,,,,,#######≈≈≈≈≈≈≈≈≈≈≈≈≈*
#####*,,,,,,+,,#@['$$.≈e≈≈≈≈≈#≈≈*
.+,,,,,,,,,,*,,+(T#$$$$(($$≈≈≈#≈*
##*************################**


You could see a deep elf master archer and a friendly troll (berserk).

Vanquished Creatures
  the Lernaean hydra (D)
  A golden dragon (D)
  A shadow dragon (D)
  4 fire giants (D)
  A lorocyproca (D)
  A deep elf annihilator (D)
  A mummy priest (D)
  A hydra (D)
  2 centaur warriors (D)
  Sonja (D)
  7 unseen horrors (D)
  A lindwurm (D)
  2 oklob plants (D)
  A shining eye (D)
  A merfolk siren (D)
  A gargoyle (D)
  2 kobold demonologists (D)
  2 hornets (D)
  A slime creature (D)
  A yak (D)
  Sigmund (D)
  2 redbacks (D)
  13 hogs (D)
  3 floating eyes (D)
  7 necrophages (D)
  An ogre (D)
  8 jellies (D)
  Ijyb (D)
69 creatures vanquished.

Vanquished Creatures (collateral kills)
  A deep troll (D)
  7 shining eyes (D)
  A merfolk siren (D)
  4 demonic crawlers (D)
  A hellwing (D)
  3 hornets (D)
  4 floating eyes (D)
21 creatures vanquished.

Vanquished Creatures (others)
  A gargoyle (D)
  2 ballistomycete spores (D)
3 creatures vanquished.

Grand Total: 93 creatures vanquished

Notes
Turn   | Place    | Note
-------+----------+-------------------------------------------
     0 | D        | Groucho the Felid Berserker began the quest for the Orb.
     0 | D        | Reached XP level 1. HP: 10/10 MP: 2/2
     3 | D        | Noticed Ijyb
    15 | D        | Killed Ijyb
    15 | D        | Reached skill level 8 in Stealth
    15 | D        | Reached XP level 2. HP: 6/14 MP: 3/3
   311 | D        | Killed a gargoyle
   411 | D        | Noticed an ogre
   417 | D        | Killed an ogre
   417 | D        | Reached skill level 12 in Stealth
   417 | D        | Reached XP level 3. HP: 17/17 MP: 4/4
   417 | D        | Reached XP level 4. HP: 21/21 MP: 5/5
   573 | D        | Noticed Sigmund
   580 | D        | Killed Sigmund
   580 | D        | Reached ** piety under Trog
   580 | D        | Reached skill level 16 in Stealth
   580 | D        | Reached XP level 5. HP: 24/24 MP: 6/6
   580 | D        | Gained mutation: You are covered in thick fur. (AC +2)
                  | [Felid growth]
   580 | D        | Reached XP level 6. HP: 28/28 MP: 7/7
   633 | D        | Found a shimmering blue altar of Sif Muna.
   634 | D        | Found an ornate altar of the Wu Jian Council.
   635 | D        | Found a radiant altar of Vehumet.
   641 | D        | Found Beom's General Store.
   641 | D        | Found an ancient bone altar of Kikubaaqudgha.
   641 | D        | Found a hazy altar of Hepliaklqana.
   641 | D        | Found a stormy altar of Qazlal.
   641 | D        | Found a hide-covered altar of Uskayaw.
   641 | D        | Found a blossoming altar of Fedhas.
   641 | D        | Found a bloodstained altar of Trog.
   641 | D        | Found an iron altar of Okawaru.
   641 | D        | Found a basalt altar of Yredelemnul.
   641 | D        | Found a glowing golden altar of the Shining One.
   641 | D        | Found a snail-covered altar of Cheibriados.
   641 | D        | Found a sacrificial altar of Ru.
   641 | D        | Found a glowing silver altar of Zin.
   641 | D        | Found a shadowy altar of Dithmenos.
   641 | D        | Found a white marble altar of Elyvilon.
   641 | D        | Noticed a yak
   642 | D        | Found an opulent altar of Gozag.
   643 | D        | Killed a yak
   643 | D        | Reached skill level 18 in Stealth
   681 | D        | Found a sparkling altar of Nemelex Xobeh.
   702 | D        | Bought a scroll of identify for 24 gold pieces
   724 | D        | Found a burning altar of Makhleb.
   724 | D        | Found a shimmering altar of Xom.
   724 | D        | Noticed a slime creature
   725 | D        | Found a viscous altar of Jiyva.
   725 | D        | Found a corrupted altar of Lugonu.
   727 | D        | Killed a slime creature
   727 | D        | Reached skill level 20 in Stealth
   727 | D        | Reached XP level 7. HP: 31/31 MP: 8/8
   750 | D        | Noticed a centaur warrior
   750 | D        | Noticed a centaur warrior
   751 | D        | Killed a centaur warrior
   751 | D        | Reached *** piety under Trog
   751 | D        | Reached skill level 5 in Fighting
   751 | D        | Reached skill level 5 in Unarmed Combat
   751 | D        | Reached XP level 8. HP: 37/37 MP: 9/9
   753 | D        | Killed a centaur warrior
   753 | D        | Reached skill level 21 in Stealth
  1175 | D        | Noticed a hornet
  1178 | D        | Killed a hornet
  1178 | D        | Reached XP level 9. HP: 43/43 MP: 10/10
  1188 | D        | Noticed an oklob plant
  1196 | D        | Killed an oklob plant
  1196 | D        | Reached skill level 10 in Dodging
  1426 | D        | Reached **** piety under Trog
  1687 | D        | Reached skill level 22 in Stealth
  1694 | D        | Noticed an unseen horror
  1695 | D        | Noticed an unseen horror
  1722 | D        | Killed an unseen horror
  1726 | D        | Killed an unseen horror
  1726 | D        | Reached XP level 10. HP: 48/49 MP: 11/11
  2297 | D        | Reached ***** piety under Trog
  2513 | D        | Reached skill level 10 in Fighting
  2552 | D        | Found Ucueg's Distillery.
  2552 | D        | Found Tahomuh's Food Shop.
  2552 | D        | Found Ejeunabaega's Weapon Boutique.
  2554 | D        | Found Nazuol's Jewellery Emporium.
  2554 | D        | Found Wugeofyb's Jewellery Shop.
  2554 | D        | Found Verphevo's Distillery.
  2554 | D        | Found Qegydieq's Book Boutique.
  2554 | D        | Found Tobask's Jewellery Emporium.
  2554 | D        | Found Etee's Book Shop.
  2554 | D        | Found Qaffuar's Antique Armour Shoppe.
  2558 | D        | Found Vikuronisch's Gadget Boutique.
  2559 | D        | Found Setra's Jewellery Emporium.
  2559 | D        | Found Xaffin's Jewellery Boutique.
  2560 | D        | Found Peiti's Magic Scroll Emporium.
  2568 | D        | Bought an uncursed amulet of guardian spirit for 420 gold
                  | pieces
  2568 | D        | Bought an uncursed ring of protection from fire for 350
                  | gold pieces
  2576 | D        | Bought the ring "Dyciruss" {+Fly Dex+2 Stlth+} for 194 gold
                  | pieces
  2756 | D        | Noticed a deep troll
  2760 | D        | Killed a deep troll
  2760 | D        | Reached skill level 10 in Unarmed Combat
  3051 | D        | Found Mubep's Armour Emporium.
  3062 | D        | Noticed Sonja
  3065 | D        | Killed Sonja
  3065 | D        | Reached skill level 23 in Stealth
  3081 | D        | Found Jyme's Antique Weapon Boutique.
  3097 | D        | Noticed a shining eye
  3097 | D        | Noticed a shining eye
  3097 | D        | Noticed a shining eye
  3098 | D        | Noticed a shining eye
  3098 | D        | Noticed a shining eye
  3098 | D        | Noticed a shining eye
  3099 | D        | Gained mutation: Your muscles are strong. (Str +2) [a
                  | shining eye]
  3101 | D        | Killed a shining eye
  3104 | D        | Killed a shining eye
  3105 | D        | Killed a shining eye
  3106 | D        | Noticed a shining eye
  3106 | D        | Noticed a shining eye
  3107 | D        | Killed a shining eye
  3109 | D        | Killed a shining eye
  3109 | D        | Reached ****** piety under Trog
  3110 | D        | Killed a shining eye
  3111 | D        | Gained mutation: You occasionally shout uncontrollably at
                  | your foes. [a shining eye]
  3114 | D        | Found Osetzios's Magic Scroll Shop.
  3114 | D        | Found Boepeluo's Armour Shoppe.
  3114 | D        | Found Itavyuch's Antique Armour Boutique.
  3114 | D        | Found Nubbot's Antique Weapon Emporium.
  3114 | D        | Killed a shining eye
  3115 | D        | Killed a shining eye
  3191 | D        | Bought a ration for 60 gold pieces
  3191 | D        | Bought a ration for 60 gold pieces
  3191 | D        | Bought a ration for 60 gold pieces
  3191 | D        | Bought a ration for 60 gold pieces
  3191 | D        | Bought a ration for 60 gold pieces
  3191 | D        | Bought a ration for 60 gold pieces
  3567 | D        | Reached XP level 11. HP: 50/50 MP: 12/12
  3712 | D        | Noticed a lindwurm
  3714 | D        | Killed a lindwurm
  3723 | D        | Reached skill level 24 in Stealth
  3725 | D        | Reached skill level 15 in Dodging
  3938 | D        | Noticed a 12-headed hydra
  3940 | D        | Killed a 12-headed hydra
  4008 | D        | Noticed a shadow dragon
  4008 | D        | Noticed a golden dragon
  4043 | D        | Killed a shadow dragon
  4265 | D        | Killed a golden dragon
  4265 | D        | Reached skill level 25 in Stealth
  4265 | D        | Gained mutation: Your thick and shaggy fur keeps you warm.
                  | (AC +3, rC+) [Felid growth]
  4265 | D        | Reached XP level 12. HP: 58/58 MP: 13/13
  4266 | D        | Identified Sif Muna's Almanac of Ensnaring Envenoming
  4325 | D        | Found Zoilem Rumu's General Store.
  4344 | D        | Bought a wand of iceblast (6) for 130 gold pieces
  4439 | D        | Bought the ring "Mufetef" {+Fly rPois rN+ Str-4 Int+7} for
                  | 514 gold pieces
  4446 | D        | Bought a book of Cantrips for 260 gold pieces
  4467 | D        | Bought the Compendium of Destructive Stones for 791 gold
                  | pieces
  4532 | D        | Reached skill level 1 in Evocations
  4536 | D        | Noticed a lorocyproca
  4553 | D        | Killed a lorocyproca
  4839 | D        | Noticed a deep elf annihilator
  4874 | D        | Noticed a jiangshi
  4914 | D        | Killed a deep elf annihilator
  4954 | D        | Noticed a mummy priest
  5372 | D        | Slain by a mummy priest
  5373 | D        | Reached XP level 11. HP: -3/60 MP: 0/15
  5977 | D        | Noticed a daeva
  5981 | D        | Noticed an unseen horror
  5981 | D        | Noticed an unseen horror
  5981 | D        | Noticed an unseen horror
  5981 | D        | Noticed an unseen horror
  5982 | D        | Noticed an unseen horror
  5989 | D        | Killed an unseen horror
  5989 | D        | Reached skill level 5 in Evocations
  5991 | D        | Killed an unseen horror
  5993 | D        | Killed an unseen horror
  5994 | D        | Killed an unseen horror
  5997 | D        | Killed an unseen horror
  6146 | D        | Noticed a fire giant
  6149 | D        | Noticed a fire giant
  6150 | D        | Noticed a fire giant
  6151 | D        | Noticed a fire giant
  6153 | D        | Killed a fire giant
  6157 | D        | Killed a fire giant
  6157 | D        | Reached skill level 15 in Fighting
  6157 | D        | Reached skill level 15 in Unarmed Combat
  6159 | D        | Killed a fire giant
  6159 | D        | Reached XP level 12. HP: 66/66 MP: 16/19
  6161 | D        | Killed a fire giant
  6280 | D        | Was placed under penance by Trog
  6283 | D        | Learned a level 2 spell: Passwall
  6685 | D        | Killed a mummy priest
  6882 | D        | Was forgiven by Trog
  6891 | D        | Noticed the 27-headed Lernaean hydra
  6895 | D        | Killed the 27-headed Lernaean hydra
  6895 | D        | Reached skill level 10 in Evocations
  7233 | D        | Noticed a deep elf master archer
  7241 | D        | Shot with an arrow by a deep elf master archer
  7242 | D        | Reached XP level 11. HP: -11/62 MP: 0/19
  7242 | D        | Found the +2 ratskin cloak {+Rats rPois rN+ Str-1 Int-1
                  | Dex+1}
  7250 | D        | Shot with an arrow by a deep elf master archer

Levels and vault maps discovered:
D:        dungeon_sprint_1 [red_sonja_temple_1, red_sonja_temple_small_1]

Skill      XL: |  1  2  3  4  5  6  7  8  9 10 11 12 |
---------------+-------------------------------------+-----
Stealth        | 8 12 16 20 21 22 23 25 | 25.1
Fighting       | 5 7 9 11 15 16 | 16.0
Dodging        | 7 9 11 14 19 17 | 19.9
Unarmed Combat | 5 7 9 11 15 16 | 16.0
Evocations     | 8 10 | 10.5

Action                   |  1- 3 |  4- 6 |  7- 9 | 10-12 || total
-------------------------+-------+-------+-------+-------++-------
Melee: Unarmed           |    14 |     8 |    27 |   181 ||   230
       Bite              |     1 |     1 |     4 |    26 ||    32
       Punch             |       |       |     1 |    20 ||    21
Invok: Berserk           |     2 |     1 |     3 |    10 ||    16
       Trog's Hand       |       |       |     2 |    11 ||    13
       Brothers in Arms  |       |       |       |    15 ||    15
 Abil: Evoke Flight      |       |       |       |     7 ||     7
Evoke: Wand              |       |       |       |    19 ||    19
  Use: Scroll            |       |       |     2 |     9 ||    11
       Potion            |       |       |     2 |     3 ||     5
 Stab: Sleeping          |     1 |     3 |     4 |    24 ||    32
  Eat: Chunk             |       |     7 |       |     9 ||    16
       Ration            |       |     1 |       |     8 ||     9
Armor: Skin              |       |       |       |     5 ||     5
Dodge: Dodged            |     8 |     4 |    35 |   199 ||   246
